 Dungeon Crawl Stone Soup version 0.28-a0-1356-g2ad6d04315 (webtiles) character file.

Game seed: 12961764938333917816

8 bande the Shield-Bearer (level 2, -1/19 HPs)
             Began as a Gargoyle Fighter on Dec 31, 2021.
             Slain by a kobold (5 damage)
             ... on level 1 of the Dungeon.
             The game lasted 00:00:22 (41 turns).

bande the Shield-Bearer (Gargoyle Fighter)            Turns: 41, Time: 00:00:22

Health: -1/19      AC:  9    Str: 19    XL:     2   Next: 8%
Magic:  2/2        EV:  9    Int:  8    God:
Gold:   0          SH:  4    Dex:  9    Spells: 1/1 levels left

rFire   . . .      SeeInvis .   a - +0 war axe
rCold   . . .      Faith    .   c - +0 buckler
rNeg    + . .      Spirit   .   b - +0 scale mail
rPois   ∞          Reflect  .   (no helmet)
rElec   +          Harm     .   (no cloak)
rCorr   .          Rampage  .   (no gloves)
Will    .....                   (no boots)
Stlth   ..........              (no amulet)
HPRegen 0.06/turn               (no ring)
MPRegen 0.08/turn               (no ring)

@: no status effects
A: sickness immunity, AC +2, negative energy resistance 1, electricity
resistance, torment resistance 1, petrification resistance
a: no special abilities


You were on level 1 of the Dungeon.
You visited 1 branch of the dungeon, and saw 1 of its levels.

Inventory:

Hand Weapons
 a - a +0 war axe (weapon)
Armour
 b - a +0 scale mail (worn)
 c - a +0 buckler (worn)
Potions
 d - a potion of might


   Skills:
 + Level 3.4 Fighting
 + Level 1.8 Axes
 + Level 3.4 Armour
 + Level 3.5 Shields


You had one spell level left.
You didn't know any spells.
Your spell library was empty.

Dungeon Overview and Level Annotations

Branches:
Dungeon (1/15)

Altars:


Innate Abilities, Weirdness & Mutations

You are immune to sickness and miasma.
Your stone body is resilient. (AC +2)
You are immune to poison.
You resist negative energy. (rN+)
You are resistant to electric shocks. (rElec)
You are resistant to unholy torment.
You are immune to petrification.


Message History

The slug dart hits you but does no damage.
You closely miss the kobold. You block the kobold's attack.
The dart slug launches a dart at you. The slug dart hits you.
You closely miss the kobold.
The kobold hits you but does no damage. x2
You slash the dart slug!
The dart slug is severely wounded.
You hit the kobold. The kobold hits you with a +0 whip.
The dart slug bites you.
* * * LOW HITPOINT WARNING * * *
You are too injured to fight recklessly!
You are too injured to fight recklessly!
You are too injured to fight recklessly!
You are too injured to fight recklessly!
You are too injured to fight recklessly!
Unknown command.
You miss the kobold.
The kobold is moderately wounded.
You slash the dart slug!
You kill the dart slug!
The kobold barely misses you. The kobold hits you with a +0 whip.
* * * LOW HITPOINT WARNING * * *
You have reached level 2!
You barely miss the kobold.
The kobold is moderately wounded.
The kobold misses you.
You barely miss the kobold.
The kobold is moderately wounded.
The kobold hits you but does no damage. x2
You barely miss the kobold.
The kobold is moderately wounded.
The kobold hits you but does no damage.
Unknown command.
You barely miss the kobold.
The kobold is moderately wounded.
The kobold hits you but does no damage.
You hit the kobold.
The kobold is severely wounded.
The kobold hits you but does no damage. The kobold hits you with a +0 whip.
You die...

................
................
............(...
.............$. .
#(............
#.##.............
#...#...>.)......
.........@K......
.#.#...).......?
###.#.#......
#...####.## .....
.# ......# .
........
..........
.......##.


You could see a kobold.

Vanquished Creatures
  A dart slug (D:1)
  An endoplasm (D:1)
  2 goblins (D:1)
  A ball python (D:1)
  A frilled lizard (D:1)
6 creatures vanquished.

Notes
Turn   | Place    | Note
-------+----------+-------------------------------------------
     0 | D:1      | bande the Gargoyle Fighter began the quest for the Orb.
     0 | D:1      | Reached XP level 1. HP: 14/14 MP: 1/1
    37 | D:1      | Reached XP level 2. HP: 3/19 MP: 2/2
    41 | D:1      | Slain by a kobold

Illustrated notes

Levels and vault maps discovered:
D:1:      dpeg_arrival_fog, layout_rooms, serial_glass, glass_columns_a,
          glass_columns_a

Action                   || total
-------------------------++-------
Melee: War axe           ||    19
Armor: Scale mail        ||    14
Dodge: Dodged            ||     6
Block: Buckler           ||     2

Table legend: (Time is in decaauts)
 A = Elapsed time spent in this place.
 B = Non-inter-level travel time spent in this place.
 C = Inter-level travel time spent in this place.
 D = Time resting spent in this place.
 E = Time spent auto-exploring this place.
 F = Levels seen in this place.
 G = Mean time per level.
                   A        B        C        D        E       F      G
               +--------+--------+--------+--------+--------+-----+--------+
         Total |     48 |     48 |      0 |      0 |     17 |   1 |   48.0 |
       Dungeon |     48 |     48 |      0 |      0 |     17 |   1 |   48.0 |
               +--------+--------+--------+--------+--------+-----+--------+

Top non-repeatable levels by time:
     D:1: 48 daAuts
